[Event "Czech Open GM 2020"]
[Site "Pardubice"]
[Date "2020.09.21"]
[Round "1.4"]
[White "Noe, Christopher"]
[Black "Narr, Kevin"]
[Result "1-0"]
[ECO "D46"]
[WhiteElo "2519"]
[BlackElo "2119"]
[Annotator "RC"]
[PlyCount "61"]
[EventDate "2020.09.21"]
[EventCountry "CZE"]
[SourceTitle "playchess.com"]
[Source "ChessBase"]
[SourceQuality "1"]
[TimeControl "40/5400+30:1800+30"]

1. c4 c6 2. d4 d5 3. e3 Nf6 4. Nc3 e6 5. Nf3 Nbd7 6. Qc2 Bd6 7. Bd3 dxc4 8. Bxc4 b5 9. Be2 O-O 10. O-O Bb7 11. e4 e5 12. Bg5 a6 13. Rad1 Qc7 14. dxe5 Nxe5 15. Nxe5 Bxe5 16. f4 Bd6 17. e5 Bc5+ 18. Kh1 Nd5 19. Nxd5 cxd5 20. Rc1 Rac8 21. Bg4 Qb8 22. Bxc8 Rxc8 23. Qe2 h6 24. Bh4 d4 25. e6 f5 26. e7 Be4 27. e8=Q+ Rxe8 28. Rxc5 Qb6 29. Rfc1 d3 30. Qd2 Kh7 31. Re5 1-0

[Event "Czech Open GM 2020"]
[Site "Pardubice"]
[Date "2020.09.21"]
[Round "1.18"]
[White "Jurcik, Marian"]
[Black "Sielicki, Tomasz"]
[Result "1-0"]
[ECO "C63"]
[WhiteElo "2426"]
[BlackElo "2026"]
[Annotator "ChessBase"]
[PlyCount "81"]
[EventDate "2020.09.21"]
[EventCountry "CZE"]
[SourceTitle "playchess.com"]
[Source "ChessBase"]
[SourceQuality "1"]
[TimeControl "40/5400+30:1800+30"]

1. e4 e5 2. Nf3 Nc6 3. Bb5 f5 4. Nc3 fxe4 5. Nxe4 d5 6. Ng3 Bg4 7. h3 Bxf3 8. Qxf3 Nf6 9. Nh5 e4 10. Qf5 Kf7 11. Nxf6 gxf6 12. Bxc6 bxc6 13. b3 Bd6 14. Bb2 Qe7 15. Qh5+ Kg7 16. O-O Be5 17. d4 Bd6 18. c4 Qe6 19. Bc1 Rhg8 20. c5 Be7 21. Bf4 Kh8 22. Rae1 Rg7 23. f3 Rag8 24. Re2 Qc8 25. fxe4 dxe4 26. Rff2 Qa6 27. Rxe4 Qd3 28. Qe2 Qb1+ 29. Kh2 Bd8 30. g3 Qa1 31. Qe3 Qd1 32. Re2 h6 33. Re8 Kh7 34. Qe4+ f5 35. Qxf5+ Rg6 36. R2e7+ Bxe7 37. Rxe7+ R8g7 38. Rxg7+ Kxg7 39. Be5+ Kh7 40. Qf7+ Rg7 41. Qxg7# 1-0

[Event "Czech Open GM 2020"]
[Site "Pardubice"]
[Date "2020.09.22"]
[Round "2.16"]
[White "Pychova, Nela"]
[Black "Jurcik, Marian"]
[Result "1/2-1/2"]
[ECO "A21"]
[WhiteElo "2159"]
[BlackElo "2426"]
[Annotator "ChessBase"]
[PlyCount "98"]
[EventDate "2020.09.21"]
[EventCountry "CZE"]
[SourceTitle "playchess.com"]
[Source "ChessBase"]
[SourceQuality "1"]
[TimeControl "40/5400+30:1800+30"]

1. c4 e5 2. Nc3 Bb4 3. g3 Bxc3 4. bxc3 d6 5. Bg2 Nc6 6. d3 f5 7. Nf3 Nf6 8. O-O O-O 9. Ne1 Qe8 10. Nc2 Qh5 11. Nb4 Ne7 12. e3 Qxd1 13. Rxd1 e4 14. dxe4 Nxe4 15. Bxe4 fxe4 16. Nd5 Nxd5 17. cxd5 Bg4 18. Rd4 Bf3 19. Rc4 Rf7 20. Rb1 b6 21. Rc6 Re8 22. Rb4 Re5 23. Rd4 Rh5 24. Bd2 Rf6 25. h4 Rfh6 26. Kh2 g5 27. Rxc7 gxh4 28. g4 Rg5 29. Rdc4 Rf6 30. Rxa7 Rf7 31. Rc8+ Kg7 32. Rxf7+ Kxf7 33. c4 Rxg4 34. Rc7+ Kg6 35. Bc3 Rg2+ 36. Kh3 Rxf2 37. Kxh4 h5 38. Rd7 Rh2+ 39. Kg3 Rg2+ 40. Kh3 Rc2 41. Rxd6+ Kf5 42. Bd4 Rc1 43. Rd8 Rh1+ 44. Kg3 h4+ 45. Kf2 Rh2+ 46. Kg1 Rh1+ 47. Kf2 Rh2+ 48. Kg1 Rh1+ 49. Kf2 Rh2+ 1/2-1/2

[Event "Czech Open GM 2020"]
[Site "Pardubice"]
[Date "2020.09.23"]
[Round "3.3"]
[White "Arkell, Keith C"]
[Black "Van Foreest, Lucas"]
[Result "0-1"]
[ECO "A40"]
[WhiteElo "2429"]
[BlackElo "2531"]
[Annotator "RC"]
[PlyCount "78"]
[EventDate "2020.09.21"]
[EventCountry "CZE"]
[SourceTitle "playchess.com"]
[Source "ChessBase"]
[SourceQuality "1"]
[TimeControl "40/5400+30:1800+30"]

1. d4 g6 2. c4 Bg7 3. Nc3 c5 4. d5 Bxc3+ 5. bxc3 e5 6. e4 d6 7. f4 exf4 8. Bxf4 Qh4+ 9. g3 Qe7 10. Bd3 Nf6 11. Qe2 Nbd7 12. Nf3 Ng4 13. O-O O-O 14. h3 Nge5 15. Kg2 Nxf3 16. Rxf3 Ne5 17. Rf2 f6 18. g4 Bd7 19. Raf1 Rae8 20. Bc2 b6 21. Bg3 Rf7 22. Bh4 Ref8 23. Bb3 Bc8 24. a4 Kg7 25. Bg3 Qe8 26. Qc2 Qd7 27. Bxe5 fxe5 28. Rxf7+ Rxf7 29. Rxf7+ Qxf7 30. Qf2 Qe7 31. Bd1 h6 32. h4 Bd7 33. Kg3 g5 34. h5 Qe8 35. a5 bxa5 36. Qb2 a4 37. Qb7 Qf7 38. Qxa7 a3 39. Be2 Bxg4 0-1

[Event "Czech Open GM 2020"]
[Site "Pardubice"]
[Date "2020.09.23"]
[Round "3.11"]
[White "Vrolijk, Liam"]
[Black "Ludvik, Tomas"]
[Result "1-0"]
[ECO "D12"]
[WhiteElo "2481"]
[BlackElo "2218"]
[Annotator "RC"]
[PlyCount "65"]
[EventDate "2020.09.21"]
[EventCountry "CZE"]
[SourceTitle "playchess.com"]
[Source "ChessBase"]
[SourceQuality "1"]
[TimeControl "40/5400+30:1800+30"]

1. d4 d5 2. c4 c6 3. Nf3 Nf6 4. e3 Bf5 5. Nc3 e6 6. Nh4 Be4 7. f3 Bg6 8. Qb3 Qc7 9. Bd2 Be7 10. g3 O-O 11. g4 dxc4 12. Bxc4 a6 13. g5 Nd5 14. Nxg6 hxg6 15. f4 b5 16. Nxd5 exd5 17. Bd3 Nd7 18. h4 Qd6 19. Qd1 c5 20. Qg4 Rfe8 21. Kf2 Bd8 22. h5 cxd4 23. exd4 Bb6 24. hxg6 fxg6 25. Kg2 Bxd4 26. Rae1 Nc5 27. Bb4 Rxe1 28. Rxe1 Rf8 29. f5 a5 30. Re6 gxf5 31. Bxf5 Qd7 32. Bxc5 Bxc5 33. Rf6 1-0

[Event "Czech Open GM 2020"]
[Site "Pardubice"]
[Date "2020.09.23"]
[Round "3.13"]
[White "Koziak, Vitali"]
[Black "Siekanski, Janusz"]
[Result "1-0"]
[ECO "A08"]
[WhiteElo "2434"]
[BlackElo "2184"]
[Annotator "RC"]
[PlyCount "53"]
[EventDate "2020.09.21"]
[EventCountry "CZE"]
[SourceTitle "playchess.com"]
[Source "ChessBase"]
[SourceQuality "1"]
[TimeControl "40/5400+30:1800+30"]

1. Nf3 d5 2. g3 e6 3. Bg2 c5 4. O-O Nc6 5. d3 Bd6 6. e4 Nge7 7. Re1 O-O 8. c3 dxe4 9. dxe4 b6 10. Na3 a6 11. Nc4 Bc7 12. Qe2 Bb7 13. h4 b5 14. Rd1 Qb8 15. Ne3 h6 16. h5 Kh8 17. Ng4 f5 18. exf5 exf5 19. Ngh2 f4 20. g4 Qe8 21. b3 Rd8 22. Ba3 Nd5 23. Qc2 b4 24. cxb4 Ncxb4 25. Bxb4 Nxb4 26. Qxc5 Nc6 27. Nh4 1-0

[Event "Czech Open GM 2020"]
[Site "Pardubice"]
[Date "2020.09.24"]
[Round "4.1"]
[White "Stocek, Jiri"]
[Black "Noe, Christopher"]
[Result "1/2-1/2"]
[ECO "E12"]
[WhiteElo "2595"]
[BlackElo "2519"]
[Annotator "ChessBase"]
[PlyCount "57"]
[EventDate "2020.09.21"]
[EventCountry "CZE"]
[SourceTitle "playchess.com"]
[Source "ChessBase"]
[SourceQuality "1"]
[TimeControl "40/5400+30:1800+30"]

1. d4 Nf6 2. c4 e6 3. Nf3 b6 4. Bf4 Bb7 5. e3 Bb4+ 6. Nfd2 O-O 7. a3 Be7 8. Nc3 d5 9. Be2 Nbd7 10. cxd5 Nxd5 11. Nxd5 Bxd5 12. O-O c5 13. Rc1 cxd4 14. Bc7 Qe8 15. exd4 Bd8 16. Bd6 Be7 17. Bc7 Bd8 18. Bf4 Nf6 19. Ba6 Qd7 20. Nf3 Bb7 21. Qd3 Nd5 22. Bg3 Bf6 23. Bb5 Qe7 24. Rc2 Rfc8 25. Rfc1 Qd8 26. Ba6 Qd7 27. Bb5 Qd8 28. Ba6 Qd7 29. Bb5 1/2-1/2

[Event "Czech Open GM 2020"]
[Site "Pardubice"]
[Date "2020.09.24"]
[Round "4.2"]
[White "Van Foreest, Lucas"]
[Black "Petr, Martin"]
[Result "1-0"]
[ECO "C09"]
[WhiteElo "2531"]
[BlackElo "2484"]
[Annotator "ChessBase"]
[PlyCount "71"]
[EventDate "2020.09.21"]
[EventCountry "CZE"]
[SourceTitle "playchess.com"]
[Source "ChessBase"]
[SourceQuality "1"]
[TimeControl "40/5400+30:1800+30"]

1. e4 e6 2. d4 d5 3. Nd2 c5 4. Ngf3 Nc6 5. exd5 exd5 6. Bb5 Bd6 7. dxc5 Bxc5 8. O-O Nge7 9. Nb3 Bd6 10. Re1 O-O 11. h3 Bf5 12. Be3 a6 13. Bd3 Re8 14. c3 Bg6 15. Bxg6 hxg6 16. Qd2 Qc7 17. Re2 Rad8 18. Rae1 Nf5 19. Bg5 Rxe2 20. Rxe2 Be7 21. Bxe7 Nfxe7 22. Nbd4 Nxd4 23. Qxd4 Nf5 24. Qa4 Nd6 25. Re5 Nb5 26. Qh4 f6 27. Re1 g5 28. Qb4 Kf7 29. h4 gxh4 30. Qg4 Kg8 31. Nxh4 Nd6 32. Qh5 Ne4 33. Ng6 Qb6 34. Re2 Ng3 35. Qh8+ Kf7 36. Re7+ 1-0

[Event "Czech Open GM 2020"]
[Site "Pardubice"]
[Date "2020.09.24"]
[Round "4.4"]
[White "Mendonca, Leon Luke"]
[Black "Szpar, Milosz"]
[Result "1/2-1/2"]
[ECO "E21"]
[WhiteElo "2490"]
[BlackElo "2397"]
[Annotator "ChessBase"]
[PlyCount "54"]
[EventDate "2020.09.21"]
[EventCountry "CZE"]
[SourceTitle "playchess.com"]
[Source "ChessBase"]
[SourceQuality "1"]
[TimeControl "40/5400+30:1800+30"]

1. d4 Nf6 2. c4 e6 3. Nc3 Bb4 4. e3 O-O 5. Bd2 b6 6. Nf3 Bb7 7. Bd3 d6 8. O-O Nbd7 9. a3 Bxc3 10. Bxc3 Ne4 11. Be1 c5 12. dxc5 dxc5 13. Qc2 Ndf6 14. Nd2 Nxd2 15. Bxd2 Be4 16. Bxe4 Nxe4 17. Rad1 Nxd2 18. Rxd2 Qe7 19. Rfd1 Rad8 20. h3 Rxd2 21. Qxd2 f6 22. Qd3 h6 23. b3 f5 24. a4 Kf7 25. g3 Rc8 26. Qd7 Rc7 27. Qb5 Qe8 1/2-1/2

[Event "Czech Open GM 2020"]
[Site "Pardubice"]
[Date "2020.09.24"]
[Round "4.7"]
[White "Parvanyan, Ashot"]
[Black "Balinski, Damian"]
[Result "1-0"]
[ECO "A04"]
[WhiteElo "2458"]
[BlackElo "2158"]
[Annotator "ChessBase"]
[PlyCount "57"]
[EventDate "2020.09.21"]
[EventCountry "CZE"]
[SourceTitle "playchess.com"]
[Source "ChessBase"]
[SourceQuality "1"]
[TimeControl "40/5400+30:1800+30"]

1. Nf3 f5 2. d3 g6 3. h4 Nf6 4. e4 d6 5. h5 Nxh5 6. exf5 Bxf5 7. Nh4 Qc8 8. Be2 Nf6 9. Nxf5 Qxf5 10. g4 Qe6 11. g5 Nfd7 12. d4 Nb6 13. c4 c6 14. Nc3 Bg7 15. Be3 N8d7 16. Qb3 d5 17. cxd5 Nxd5 18. O-O-O O-O-O 19. Rh4 Qd6 20. Nxd5 Qxd5 21. Bc4 Qa5 22. Be6 Kb8 23. Bxd7 Rxd7 24. Qf7 Rhd8 25. Qxg7 Qxa2 26. Rd2 Qc4+ 27. Rc2 Qf1+ 28. Kd2 Rxd4+ 29. Rxd4 1-0

[Event "Czech Open GM 2020"]
[Site "Pardubice"]
[Date "2020.09.24"]
[Round "4.8"]
[White "Vogel, Roven"]
[Black "Rabatin, Jakub"]
[Result "1-0"]
[ECO "E68"]
[WhiteElo "2456"]
[BlackElo "2291"]
[Annotator "ChessBase"]
[PlyCount "81"]
[EventDate "2020.09.21"]
[EventCountry "CZE"]
[SourceTitle "playchess.com"]
[Source "ChessBase"]
[SourceQuality "1"]
[TimeControl "40/5400+30:1800+30"]

1. d4 Nf6 2. c4 g6 3. Nc3 Bg7 4. g3 O-O 5. Bg2 d6 6. Nf3 Nbd7 7. O-O e5 8. e4 exd4 9. Nxd4 Re8 10. h3 Nc5 11. Re1 a5 12. Ndb5 Bd7 13. Bf4 Bxb5 14. cxb5 Nfd7 15. Qc2 h5 16. h4 Ne6 17. Be3 Ne5 18. Rad1 Rb8 19. f4 Ng4 20. e5 Qc8 21. f5 gxf5 22. Qxf5 Bxe5 23. Rf1 Ng7 24. Qxf7+ Kh8 25. Ba7 Ra8 26. Bd4 Rf8 27. Qxf8+ Qxf8 28. Rxf8+ Rxf8 29. Bxe5 dxe5 30. Rd7 Ne6 31. Bxb7 Nd4 32. Be4 Ne3 33. Rh7+ Kg8 34. Rxh5 Rf1+ 35. Kh2 Rf2+ 36. Kh3 Rxb2 37. Rxe5 Nf1 38. Bg2 Nd2 39. Rc5 Rc2 40. Rxc7 Nb1 41. b6 1-0

[Event "Czech Open GM 2020"]
[Site "Pardubice"]
[Date "2020.09.24"]
[Round "4.9"]
[White "Jarmula, Lukasz"]
[Black "Brozka, Karel"]
[Result "1-0"]
[ECO "E85"]
[WhiteElo "2444"]
[BlackElo "2025"]
[Annotator "NA"]
[PlyCount "57"]
[EventDate "2020.09.21"]
[EventCountry "CZE"]
[SourceTitle "playchess.com"]
[Source "ChessBase"]
[SourceQuality "1"]
[TimeControl "40/5400+30:1800+30"]

1. d4 Nf6 2. c4 g6 3. f3 Bg7 4. e4 d6 5. Nc3 O-O 6. Nge2 e5 7. Be3 Nbd7 8. Qd2 Re8 9. d5 a5 10. O-O-O b6 11. g4 Nc5 12. Ng3 Nfd7 13. h4 f6 14. g5 Nf8 15. h5 f5 16. exf5 gxf5 17. f4 exf4 18. Bxf4 Ne4 19. Ncxe4 fxe4 20. Re1 Bg4 21. Nxe4 Bf3 22. Bg2 Bxg2 23. Qxg2 Nd7 24. h6 Be5 25. Nf6+ Kh8 26. Nxe8 Bxf4+ 27. Kb1 Ne5 28. Nf6 Nxc4 29. Qc2 1-0

[Event "Czech Open GM 2020"]
[Site "Pardubice"]
[Date "2020.09.24"]
[Round "4.10"]
[White "Krasteva, Beloslava"]
[Black "Koziak, Vitali"]
[Result "1-0"]
[ECO "D85"]
[WhiteElo "2296"]
[BlackElo "2434"]
[Annotator "NA"]
[PlyCount "67"]
[EventDate "2020.09.21"]
[EventCountry "CZE"]
[SourceTitle "playchess.com"]
[Source "ChessBase"]
[SourceQuality "1"]
[TimeControl "40/5400+30:1800+30"]

1. d4 Nf6 2. c4 g6 3. Nc3 d5 4. cxd5 Nxd5 5. e4 Nxc3 6. bxc3 Bg7 7. Be3 c5 8. Rc1 Qa5 9. Qd2 cxd4 10. cxd4 Qxd2+ 11. Bxd2 O-O 12. Be3 Nc6 13. d5 Nb4 14. Bd2 a5 15. a3 Bb2 16. axb4 Bxc1 17. Bxc1 axb4 18. Bd3 e6 19. d6 Ra1 20. Ne2 e5 21. f4 exf4 22. O-O g5 23. Bb2 Rxf1+ 24. Kxf1 Bd7 25. Bf6 Ra8 26. Bc4 h6 27. Ke1 Ra3 28. Bd5 b6 29. Nd4 Ra1+ 30. Kd2 g4 31. e5 Kf8 32. e6 fxe6 33. Nxe6+ Bxe6 34. Bxe6 1-0

[Event "Czech Open GM 2020"]
[Site "Pardubice"]
[Date "2020.09.24"]
[Round "4.12"]
[White "Pogan, Nikolas"]
[Black "Lizak, Peter"]
[Result "1/2-1/2"]
[ECO "A50"]
[WhiteElo "2212"]
[BlackElo "2457"]
[Annotator "ChessBase"]
[PlyCount "57"]
[EventDate "2020.09.21"]
[EventCountry "CZE"]
[SourceTitle "playchess.com"]
[Source "ChessBase"]
[SourceQuality "1"]
[TimeControl "40/5400+30:1800+30"]

1. Nf3 Nf6 2. c4 b6 3. g3 Bb7 4. Bg2 g6 5. Nc3 Bg7 6. O-O O-O 7. d4 Ne4 8. Nxe4 Bxe4 9. Be3 d6 10. Qd2 Nd7 11. Bh6 c5 12. Bxg7 Kxg7 13. Rac1 Nf6 14. Rfd1 Qc7 15. Qc3 Rab8 16. Nd2 Bxg2 17. Kxg2 cxd4 18. Qxd4 Qc6+ 19. f3 Rfd8 20. e4 Qa4 21. b3 Qa3 22. Qa1 Qc5 23. Nb1 Rbc8 24. Nc3 Kg8 25. Qb2 Qe5 26. Qf2 Qc5 27. Qb2 Qe5 28. Qf2 Qc5 29. Qb2 1/2-1/2

[Event "Czech Open GM 2020"]
[Site "Pardubice"]
[Date "2020.09.24"]
[Round "4.13"]
[White "Kusa, Jakub"]
[Black "Zwardon, Vojtech"]
[Result "0-1"]
[ECO "B31"]
[WhiteElo "2200"]
[BlackElo "2455"]
[Annotator "ChessBase"]
[PlyCount "74"]
[EventDate "2020.09.21"]
[EventCountry "CZE"]
[SourceTitle "playchess.com"]
[Source "ChessBase"]
[SourceQuality "1"]
[TimeControl "40/5400+30:1800+30"]

1. e4 c5 2. Nf3 Nc6 3. Bb5 g6 4. Bxc6 dxc6 5. d3 Bg7 6. h3 Nf6 7. Nc3 O-O 8. O-O Qc7 9. Be3 Nd7 10. Qd2 Rd8 11. Nh2 e5 12. Rad1 b6 13. f4 Ba6 14. Ng4 h5 15. Nh2 c4 16. d4 exd4 17. Bxd4 Nf8 18. Qe3 Bh6 19. Qf2 Rxd4 20. Qxd4 Bxf4 21. Nf3 b5 22. a3 Re8 23. e5 Bxe5 24. Nxe5 Rxe5 25. Ne4 Qb6 26. Nf6+ Kg7 27. Qxb6 axb6 28. Nd7 Re7 29. Nxf8 Kxf8 30. Rd6 Rc7 31. Rxg6 b4 32. Rg3 h4 33. Re3 c3 34. Rb1 Rd7 35. axb4 cxb2 36. Rxb2 Rd1+ 37. Kf2 Rf1# 0-1

[Event "Czech Open GM 2020"]
[Site "Pardubice"]
[Date "2020.09.24"]
[Round "4.14"]
[White "Jedlicka, Ales"]
[Black "Arkell, Keith C"]
[Result "1/2-1/2"]
[ECO "A40"]
[WhiteElo "2197"]
[BlackElo "2429"]
[Annotator "ChessBase"]
[PlyCount "131"]
[EventDate "2020.09.21"]
[EventCountry "CZE"]
[SourceTitle "playchess.com"]
[Source "ChessBase"]
[SourceQuality "1"]
[TimeControl "40/5400+30:1800+30"]

1. d4 e6 2. c4 Bb4+ 3. Bd2 Qe7 4. Nf3 f5 5. g3 b6 6. Bg2 Bb7 7. O-O Bxd2 8. Qxd2 Nf6 9. Nc3 Ne4 10. Qc2 Nxc3 11. Qxc3 d6 12. Rfd1 Be4 13. Bf1 Nd7 14. Nd2 Bb7 15. b4 O-O 16. Bg2 Bxg2 17. Kxg2 e5 18. dxe5 dxe5 19. Nb3 Nf6 20. c5 Rad8 21. Rac1 Nd5 22. Qc4 Qe6 23. cxb6 cxb6 24. Rd2 Rd6 25. Kg1 Rfd8 26. e4 fxe4 27. Qxe4 Nf6 28. Rxd6 Qxd6 29. Qc4+ Qd5 30. Kf1 Kf8 31. Qxd5 Nxd5 32. a3 Ke7 33. Ke2 Ke6 34. Nd2 Rd7 35. Ne4 Nc7 36. a4 Kf5 37. f3 Ne6 38. Ke3 Nd4 39. g4+ Kg6 40. h4 Rf7 41. h5+ Kh6 42. Nd2 g6 43. hxg6 hxg6 44. b5 Ne6 45. Ne4 Rd7 46. Rc6 Nf4 47. g5+ Kg7 48. Nf6 Re7 49. Rc8 Kf7 50. Ng8 Rd7 51. Nf6 Rd4 52. Rc7+ Ke6 53. Rc6+ Kf5 54. Ne4 Nd5+ 55. Kf2 Kf4 56. Rxg6 Rxa4 57. Rd6 Ra2+ 58. Kg1 Kxf3 59. Rxd5 Ra1+ 60. Kh2 Kxe4 61. g6 Rc1 62. g7 Rc8 63. Rd7 Kf5 64. Rxa7 Kg6 65. Rb7 Kh7 66. Rxb6 1/2-1/2

[Event "Czech Open GM 2020"]
[Site "Pardubice"]
[Date "2020.09.24"]
[Round "4.15"]
[White "Crevatin, Leo"]
[Black "Jurcik, Marian"]
[Result "0-1"]
[ECO "A42"]
[WhiteElo "2188"]
[BlackElo "2426"]
[Annotator "ChessBase"]
[PlyCount "87"]
[EventDate "2020.09.21"]
[EventCountry "CZE"]
[SourceTitle "playchess.com"]
[Source "ChessBase"]
[SourceQuality "1"]
[TimeControl "40/5400+30:1800+30"]

1. d4 d6 2. e4 g6 3. c4 e5 4. Ne2 Bg7 5. Nbc3 Ne7 6. h4 exd4 7. Nxd4 Nbc6 8. Be3 h5 9. Be2 a6 10. Qd2 Ne5 11. f3 c5 12. Nc2 Be6 13. b3 Qa5 14. Nd5 Qxd2+ 15. Kxd2 Nxd5 16. cxd5 Bd7 17. a4 f5 18. exf5 Bxf5 19. Na3 O-O 20. a5 Rab8 21. Ra2 b5 22. axb6 Rxb6 23. Nc4 Rxb3 24. Nxd6 Bb1 25. Rxb1 Rxb1 26. Bxc5 Rfb8 27. Ke3 Nd7 28. Ba7 R8b2 29. Rxb2 Rxb2 30. Ne4 a5 31. d6 Rb4 32. Ba6 Kf8 33. Ng5 Bh6 34. f4 Bxg5 35. hxg5 a4 36. Bd4 a3 37. Bh8 a2 38. Bc8 Ke8 39. f5 gxf5 40. g6 Rg4 41. g7 Nf6 42. g8=Q+ Rxg8 43. Bxf6 Kf7 44. Kd4 0-1

[Event "Czech Open GM 2020"]
[Site "Pardubice"]
[Date "2020.09.24"]
[Round "4.16"]
[White "Pantzar, Milton"]
[Black "Lorscheid, Gerhard"]
[Result "1-0"]
[ECO "E72"]
[WhiteElo "2424"]
[BlackElo "2185"]
[Annotator "NA"]
[PlyCount "49"]
[EventDate "2020.09.21"]
[EventCountry "CZE"]
[SourceTitle "playchess.com"]
[Source "ChessBase"]
[SourceQuality "1"]
[TimeControl "40/5400+30:1800+30"]

1. d4 d6 2. c4 Nf6 3. Nc3 Nbd7 4. e4 e5 5. Nge2 c6 6. g3 g6 7. Bg2 Bg7 8. O-O O-O 9. h3 Qb6 10. Be3 Qxb2 11. a3 exd4 12. Bxd4 c5 13. Na4 Qxd4 14. Nxd4 cxd4 15. Qxd4 Ne8 16. Qe3 Bxa1 17. Rxa1 Ne5 18. c5 Nc6 19. Rd1 dxc5 20. Nxc5 Ng7 21. f4 Ne6 22. Nxe6 Bxe6 23. f5 gxf5 24. Qg5+ Kh8 25. Qf6+ 1-0

[Event "Czech Open GM 2020"]
[Site "Pardubice"]
[Date "2020.09.24"]
[Round "4.18"]
[White "Storme, Isak"]
[Black "Schimnatkowski, Lukas"]
[Result "1-0"]
[ECO "B75"]
[WhiteElo "2353"]
[BlackElo "2148"]
[Annotator "NA"]
[PlyCount "85"]
[EventDate "2020.09.21"]
[EventCountry "CZE"]
[SourceTitle "playchess.com"]
[Source "ChessBase"]
[SourceQuality "1"]
[TimeControl "40/5400+30:1800+30"]

1. e4 c5 2. Nf3 d6 3. d4 cxd4 4. Nxd4 Nf6 5. Nc3 g6 6. Be3 Bg7 7. f3 a6 8. Qd2 Nbd7 9. g4 b5 10. h4 Ne5 11. h5 b4 12. Nd5 gxh5 13. Nxf6+ Bxf6 14. g5 Nxf3+ 15. Nxf3 Bxb2 16. Bd4 Bxa1 17. Bxa1 e5 18. Bc4 Bg4 19. Rf1 O-O 20. Nd4 Rc8 21. Bd5 exd4 22. Qxd4 Rc3 23. Rf6 Qe7 24. g6 Qe5 25. Qxe5 dxe5 26. Bxc3 bxc3 27. gxf7+ Kg7 28. Rxa6 h4 29. Kf2 Bh5 30. a4 Bd1 31. Rc6 Bxc2 32. a5 Bxe4 33. Bxe4 Rxf7+ 34. Ke3 Rf1 35. a6 Ra1 36. Rc7+ Kf6 37. a7 c2 38. a8=Q c1=Q+ 39. Rxc1 Rxc1 40. Qf8+ Kg5 41. Qf5+ Kh6 42. Qf6+ Kh5 43. Bf3# 1-0

[Event "Czech Open GM 2020"]
[Site "Pardubice"]
[Date "2020.09.24"]
[Round "4.19"]
[White "Seitz, Patrick"]
[Black "Finek, Vaclav"]
[Result "0-1"]
[ECO "B04"]
[WhiteElo "2186"]
[BlackElo "2344"]
[Annotator "NA"]
[PlyCount "88"]
[EventDate "2020.09.21"]
[EventCountry "CZE"]
[SourceTitle "playchess.com"]
[Source "ChessBase"]
[SourceQuality "1"]
[TimeControl "40/5400+30:1800+30"]

1. e4 Nf6 2. e5 Nd5 3. d4 d6 4. Nf3 dxe5 5. Nxe5 c6 6. Bc4 Nd7 7. Nf3 e6 8. O-O Bd6 9. Bb3 O-O 10. c4 N5f6 11. Nc3 Qc7 12. Bg5 b6 13. Rc1 Bb7 14. Qd3 Bf4 15. Bxf4 Qxf4 16. Ne2 Qd6 17. Rfd1 c5 18. Ba4 cxd4 19. Bxd7 Qxd7 20. Ne5 Qc7 21. Qxd4 Rad8 22. Qf4 Nd7 23. Nxd7 Rxd7 24. Qxc7 Rxc7 25. Rc3 Rfc8 26. Rcd3 Kf8 27. b3 Ke7 28. f3 Ba8 29. Kf2 a6 30. a4 Bc6 31. Nd4 Bd7 32. f4 h6 33. Ke3 g5 34. g3 Rg8 35. Nc2 gxf4+ 36. Kxf4 b5 37. axb5 axb5 38. c5 e5+ 39. Ke3 Bg4 40. Nb4 Rxc5 41. Ra1 Be6 42. Ra7+ Kf6 43. Na6 Rc2 44. Nc7 Rxh2 0-1

[Event "Czech Open GM 2020"]
[Site "Pardubice"]
[Date "2020.09.24"]
[Round "4.20"]
[White "Nemec, Jachym"]
[Black "Kulhanek, Tomas"]
[Result "1-0"]
[ECO "B09"]
[WhiteElo "2150"]
[BlackElo "2332"]
[Annotator "NA"]
[PlyCount "65"]
[EventDate "2020.09.21"]
[EventCountry "CZE"]
[SourceTitle "playchess.com"]
[Source "ChessBase"]
[SourceQuality "1"]
[TimeControl "40/5400+30:1800+30"]

1. d4 d6 2. e4 Nf6 3. Nc3 g6 4. f4 Bg7 5. Nf3 O-O 6. e5 Nfd7 7. Bc4 c5 8. e6 fxe6 9. Ng5 Nb6 10. Bxe6+ Bxe6 11. Nxe6 Qc8 12. Nxf8 cxd4 13. Ne2 Nc6 14. Nxh7 Kxh7 15. O-O e6 16. a4 Nd5 17. Ra3 Qf8 18. Rh3+ Kg8 19. g4 Rc8 20. f5 exf5 21. gxf5 gxf5 22. Ng3 Nce7 23. Nxf5 Nxf5 24. Qh5 Nf6 25. Qxf5 Rc5 26. Qe6+ Qf7 27. Qxd6 Rxc2 28. Rg3 Kh8 29. Qf4 Qc7 30. Qh4+ Nh7 31. Bh6 Be5 32. Rf8+ Nxf8 33. Bg7+ 1-0

[Event "Czech Open GM 2020"]
[Site "Pardubice"]
[Date "2020.09.25"]
[Round "5.1"]
[White "Stocek, Jiri"]
[Black "Van Foreest, Lucas"]
[Result "1/2-1/2"]
[ECO "E54"]
[WhiteElo "2595"]
[BlackElo "2531"]
[Annotator "ChessBase"]
[PlyCount "67"]
[EventDate "2020.09.21"]
[EventCountry "CZE"]
[SourceTitle "playchess.com"]
[Source "ChessBase"]
[SourceQuality "1"]
[TimeControl "40/5400+30:1800+30"]

1. d4 Nf6 2. c4 e6 3. Nc3 Bb4 4. e3 O-O 5. Bd3 c5 6. Nf3 d5 7. O-O cxd4 8. exd4 dxc4 9. Bxc4 b6 10. Re1 Bb7 11. Bd3 Nbd7 12. Qe2 Rc8 13. Bd2 Be7 14. Rac1 Nd5 15. Bb1 Re8 16. Rcd1 Qc7 17. Ne5 Nxe5 18. dxe5 Nxc3 19. Bxc3 Red8 20. Be4 g6 21. g3 Bxe4 22. Qxe4 Rd7 23. Qa4 Rcd8 24. Rxd7 Rxd7 25. Rd1 Rxd1+ 26. Qxd1 Qc6 27. Qd3 Qa4 28. a3 h5 29. h4 Bc5 30. Qd8+ Kg7 31. b4 Qxa3 32. bxc5 Qxc3 33. Qf6+ Kg8 34. Qd8+ 1/2-1/2

[Event "Czech Open GM 2020"]
[Site "Pardubice"]
[Date "2020.09.25"]
[Round "5.2"]
[White "Noe, Christopher"]
[Black "Parvanyan, Ashot"]
[Result "1-0"]
[ECO "A65"]
[WhiteElo "2519"]
[BlackElo "2458"]
[Annotator "ChessBase"]
[PlyCount "103"]
[EventDate "2020.09.21"]
[EventCountry "CZE"]
[SourceTitle "playchess.com"]
[Source "ChessBase"]
[SourceQuality "1"]
[TimeControl "40/5400+30:1800+30"]

1. d4 Nf6 2. c4 g6 3. Nc3 Bg7 4. e4 d6 5. f3 O-O 6. Be3 c5 7. d5 e6 8. Qd2 exd5 9. cxd5 Re8 10. Nge2 a6 11. a4 Nbd7 12. Ng3 h5 13. Be2 h4 14. Nf1 Nh7 15. Bh6 Bd4 16. Be3 Bg7 17. Bf2 f5 18. exf5 gxf5 19. f4 Bh6 20. g3 Ne5 21. Ne3 Ng4 22. Nxg4 fxg4 23. O-O h3 24. Bd3 Nf6 25. Bg6 Re7 26. Rab1 Rg7 27. Bc2 Qa5 28. b4 cxb4 29. Qd4 Rf7 30. Rxb4 Bg7 31. Rfb1 Bd7 32. Qd3 Rc8 33. Bb6 Bb5 34. Bxa5 Bxd3 35. Bxd3 Rxc3 36. Bg6 Re7 37. Rxb7 Rxb7 38. Bxc3 Rxb1+ 39. Bxb1 Nxd5 40. Ba2 Bxc3 41. Bxd5+ Kg7 42. Be6 d5 43. Kf1 Bd4 44. Bxg4 Be3 45. Bxh3 a5 46. Be6 d4 47. Bc4 Kg6 48. Ke2 Kh5 49. Kf3 Bg1 50. h4 Be3 51. Be2 Bg1 52. Kg2+ 1-0

[Event "Czech Open GM 2020"]
[Site "Pardubice"]
[Date "2020.09.25"]
[Round "5.3"]
[White "Golubka, Petro"]
[Black "Vogel, Roven"]
[Result "1/2-1/2"]
[ECO "D02"]
[WhiteElo "2488"]
[BlackElo "2456"]
[Annotator "ChessBase"]
[PlyCount "31"]
[EventDate "2020.09.21"]
[EventCountry "CZE"]
[SourceTitle "playchess.com"]
[Source "ChessBase"]
[SourceQuality "1"]
[TimeControl "40/5400+30:1800+30"]

1. Nf3 d5 2. g3 g6 3. Bg2 Bg7 4. d4 Nf6 5. O-O O-O 6. Be3 Nc6 7. Nc3 Re8 8. Ne5 Nxe5 9. dxe5 Ng4 10. Bd4 Nxe5 11. Nxd5 c6 12. Nf4 Qxd4 13. Qxd4 Nf3+ 14. Bxf3 Bxd4 15. c3 Bb6 16. Nd3 1/2-1/2